[Event "USA Championship 2022"]
[Site "Saint Louis"]
[Date "2022.10.14"]
[Round "9.3"]
[White "Caruana, Fabiano"]
[Black "Liang, Awonder"]
[Result "1/2-1/2"]
[ECO "C42"]
[WhiteElo "2763"]
[BlackElo "2608"]
[Annotator "TA"]
[PlyCount "153"]
[EventDate "2022.09.05"]
[EventType "tourn"]
[EventCountry "USA"]
[SourceTitle "playchess.com"]
[Source "ChessBase"]
[SourceQuality "1"]
[TimeControl "40/5400+30:1800+30"]

1. e4 e5 2. Nf3 Nf6 3. Nxe5 Nxe4 4. Qe2 Qe7 5. Qxe4 d6 6. d4 dxe5 7. dxe5 Nc6 8. Bb5 {[%emt 0:03:01] 8.Nc3 is the hot move.} (8. Nc3 $5 ) 8... Bd7 {[%emt 0:00:22] C42: Petroff Defence: 3 Nxe5 and unusual White 3rd moves.} 9. Nc3 O-O-O 10. Bf4 {[%emt 0:03:55] next 0-0-0 is good for White.} Qb4 11. O-O-O Qxe4 12. Nxe4 {[%emt 0:00:03] Black must now prevent Ng5.} Nxe5 $1 13. Bxd7+ Nxd7 14. Ng5 $36 {[%emt 0:00:56][%mdl 2048] White is pushing.} Be7 $1 15. h4 {[%emt 0:00:22] [#]} (15. Nxf7 {with more complications.} Rdf8 16. Nxh8 Rxf4 17. Rhe1) 15... Bxg5 $146 ({Predecessor:} 15... Nc5 16. Rxd8+ Rxd8 17. Re1 Bf6 18. b3 Rd5 19. g3 h6 20. Nxf7 Rf5 21. Re8+ {½-½ (21) Ilyasov,A (2291)-Rashitov,D ICCF email 2012}) 16. hxg5 f6 17. Rde1 fxg5 18. Bxg5 Rdf8 19. Re7 Nb6 (19... Rxf2 $2 20. Rxh7 $3 Rhf8 21. Rhxg7 Rf1+ 22. Kd2 $18) 20. Rxg7 Rxf2 21. Bh4 ({Reject} 21. Rhxh7 $6 Rxh7 22. Rxh7 Rxg2 $11) 21... Rff8 22. Be7 Re8 23. Rhxh7 {[%emt 0:04:26] White is much more active.} Rxh7 24. Rxh7 $14 {[%emt 0:00:03][%mdl 4096] Endgame KRB-KRN} Nd5 25. Bg5 Re2 26. Rh2 b5 27. Kd1 {[%emt 0:00:28] Inhibits Re1+.} Re4 28. Bd2 Kd7 29. g3 Rg4 30. Rh3 a5 31. Ke2 Nb4 (31... a4 $142) 32. Bf4 {[%emt 0:02:10] Threatens to win with Rh7+.} Rg7 {[%emt 0:01:07] Against Rh7} 33. Rh5 Kc6 34. a4 bxa4 35. Rxa5 Nxc2 36. Rxa4 Kd5 {[%emt 0:00:21] Against Rc4} 37. Kd3 {[%emt 0:02:21] Inhibits Nd4.} Ne1+ {[%emt 0:00:01] [#]} 38. Kc3 $1 Ng2 39. Ra5+ (39. Rd4+ $16 Ke6 40. Kc4) 39... Ke4 $1 40. Ra4+ Kd5 $1 41. Ra5+ Ke4 $1 42. Rg5 Rd7 43. Bd2 Rd3+ 44. Kc2 Ne3+ 45. Kc1 Nf5 46. g4 Nd4 47. Bc3 c5 48. Kb1 c4 49. Bxd4 (49. Rc5 $5 Rd1+ 50. Ka2 Ra1+ 51. Kxa1 Nb3+ 52. Kb1 Nxc5 53. Bd2 $14) 49... Kxd4 {[%emt 0:04:04] KR-KR. The position is equal.} 50. Rg8 Rd1+ 51. Ka2 Ke5 52. Re8+ Kf4 53. Re2 Rc1 54. Ka3 Kxg4 55. Kb4 {[%emt 0:01:21] And now Re4+ would win.} Kf5 {[%emt 0:00:06] Against Re4} 56. Kc5 Kf6 57. Kd4 Kf5 58. Kc5 Kf6 59. Kd5 Kf7 60. Kd6 Rd1+ 61. Kc5 Rc1 $1 62. Kb4 Kf6 63. Re3 Rc2 64. Ka3 Kf5 65. Rc3 Rxc3+ 66. bxc3 $11 {[%emt 0:00:03][%cal Bb2c3,Bc3c4,Bc4c5,Bc5c6,Bc6c7][%mdl 32] aiming for Kb4. KP-KP} Ke6 (66... Ke4 $5 67. Ka4 $8 Ke5 $11) 67. Kb4 Kd6 68. Kxc4 {[%emt 0:00:05] Threatening mate with Kb5. KP-K} Kc6 69. Kd4 {[%emt 0:00:05] White threatens Kc4 and mate.} Kd6 70. c4 Kc6 71. c5 Kc7 72. Kd5 Kd7 73. c6+ Kc7 $1 74. Kc5 {[%emt 0:00:02] White wants to mate with Kd5.} Kc8 75. Kb6 {[%emt 0:00:03] c7 would kill now.} Kb8 76. c7+ Kc8 77. Kc6 {[%emt 0:00:09] Weighted Error Value: White=0.09 (flawless) /Black=0.04 (flawless)} 1/2-1/2

[Event "USA Championship 2022"]
[Site "Saint Louis"]
[Date "2022.10.14"]
[Round "9.5"]
[White "Swiercz, Dariusz"]
[Black "Moradiabadi, Elshan"]
[Result "1/2-1/2"]
[ECO "E45"]
[WhiteElo "2652"]
[BlackElo "2534"]
[Annotator "TA"]
[PlyCount "69"]
[EventDate "2022.09.05"]
[EventType "tourn"]
[EventCountry "USA"]
[SourceTitle "playchess.com"]
[Source "ChessBase"]
[SourceQuality "1"]
[TimeControl "40/5400+30:1800+30"]

1. d4 {[%emt 0:03:00] Kharitonov,A} Nf6 2. c4 e6 3. Nc3 Bb4 4. e3 b6 5. Nge2 Ba6 6. Ng3 Bxc3+ 7. bxc3 d5 8. cxd5 {[%emt 0:04:49] [#] Bxa6 is the strong threat. E45: Nimzo-Indian: Rubinstein: 4...b6 5 Ne2 Ba6.} Bxf1 {[%emt 0:00:14] [#]} 9. Rxf1 $146 ({Predecessor:} 9. Kxf1 Qxd5 10. Qd3 Nbd7 11. e4 Qa5 12. e5 Nd5 13. c4 Nb4 14. Qb3 Nc6 15. Bb2 O-O {0-1 (57) Gligoric,S-Portisch,L Wijk aan Zee 1975 MCL [Kharitonov,A]}) 9... Qxd5 10. f3 Nc6 11. Kf2 Qc4 12. Qb3 Na5 13. Qxc4 (13. Qa3 {seems wilder.} Nd5 14. Bd2 Qd3 15. Rfd1) 13... Nxc4 {[%emt 0:00:05] Pair of Knights!} 14. e4 Nd7 15. Re1 b5 16. a4 c6 17. a5 O-O 18. Nf1 f5 19. exf5 exf5 20. Nd2 Nxd2 21. Bxd2 Kf7 22. c4 bxc4 23. Rac1 {[%emt 0:01:04] White is more active.} Rab8 24. Rxc4 Rb2 25. Re2 Rc8 26. Be3 (26. Rb4 $5 Rxb4 27. Bxb4 $14) 26... Rb5 {[%emt 0:00:39] The position is equal.} 27. Bg5 {[%emt 0:01:04] [#] aiming for Re7+.} Nf6 28. Bxf6 Kxf6 29. Rec2 Rxa5 30. Rxc6+ Rxc6 31. Rxc6+ $11 {[%emt 0:00:02] KR-KR} Kf7 32. Rc7+ Kf6 33. Rc6+ Kf7 34. Rc7+ Kf6 35. Rc6+ {[%emt 0:00:26] Weighted Error Value: White=0.05 (flawless) /Black=0.04 (flawless)} 1/2-1/2

[Event "USA Championship 2022"]
[Site "Saint Louis"]
[Date "2022.10.14"]
[Round "9.6"]
[White "Shankland, Sam"]
[Black "Yoo, Christopher Woojin"]
[Result "1-0"]
[ECO "A21"]
[WhiteElo "2712"]
[BlackElo "2563"]
[Annotator "TA"]
[PlyCount "75"]
[EventDate "2022.09.05"]
[EventType "tourn"]
[EventCountry "USA"]
[SourceTitle "playchess.com"]
[Source "ChessBase"]
[SourceQuality "1"]
[TimeControl "40/5400+30:1800+30"]

1. c4 {[%emt 0:00:10] Giri,A} e5 2. Nc3 Bb4 3. Nd5 a5 4. Nf3 d6 5. e3 Nf6 6. a3 {[%emt 0:02:48] A21: English Opening: 1...e5 2 Nc3.} Nxd5 7. cxd5 Bc5 8. d4 {[%emt 0:01:36] The position is equal.} exd4 9. exd4 Bb6 10. Bg5 f6 11. Be3 $36 {[%emt 0:00:52][%mdl 2048] White fights for an advantage.} O-O 12. Bd3 f5 13. Qc2 {[%emt 0:06:02] [#]} f4 $146 (13... h6 $11) ({Predecessor:} 13... Nd7 14. Bxf5 Nf6 15. Bd3 h6 16. Nh4 Nxd5 17. Bh7+ Kh8 18. Ng6+ Kxh7 19. Nxf8+ Kg8 {1-0 (43) Ding,L (2811)-Yu,Y (2763) Khanty-Mansiysk 2019 CBM 192 [Giri,A]}) 14. Bxh7+ $14 Kh8 15. Bd2 Qe7+ (15... Qe8+ $14 16. Kf1 Qh5) 16. Kf1 $18 Bg4 17. Re1 Qf6 {[%emt 0:01:45] [#]} 18. h4 $1 Nd7 {[%emt 0:04:42] [#]} (18... Bxf3 19. gxf3 Qh6 20. Bg6 $16) 19. h5 $1 {[%emt 0:03:09] White is more active.} Bxf3 (19... Rae8 $16) 20. gxf3 {[%emt 0:00:11] Hoping for Bg6.} Qg5 (20... Qxd4 $2 21. Bc3 Qxf2+ 22. Qxf2 $18) (20... Qh6 {might work better.}) 21. Bg6 {[%emt 0:12:44][%cal Oh5h6] Black must now prevent h6!} Nf6 22. Qd3 (22. h6 $142 gxh6 23. Ke2 (23. Qf5 Qxf5 24. Bxf5 Ng8 $16)) 22... a4 $2 (22... Qh6 {is more resistant.} 23. Qf5 Nh7) 23. Bc3 $2 {[%emt 0:07:03] A strong pair of Bishops.} (23. h6 gxh6 24. Ke2 Rfe8+ 25. Bxe8 Rxe8+ 26. Kd1 Rxe1+ 27. Rxe1) 23... Ba5 24. Ke2 Qh6 (24... Nxd5 $2 25. h6 Rfe8+ 26. Bxe8 Rxe8+ 27. Kd2 Bxc3+ 28. bxc3 Rxe1 29. hxg7+ Kxg7 30. Qh7+ Kf8 31. Rxe1 $18) 25. Reg1 Bxc3 $2 {[%emt 0:02:47] Black cannot hold the game after this.} (25... Nxd5 $16 {was necessary.} 26. Be4 Ne7) 26. bxc3 {[%emt 0:01:06] Strongly threatening Bf5.} Nxd5 27. c4 Ne7 28. Kd2 Ra5 (28... d5 $142) 29. d5 Rc5 (29... c5 $142 30. Re1 Ng8) 30. Qe2 Ng8 (30... Nxd5 $142 31. Bc2 Qf6) 31. Bc2 {[%emt 0:02:33] And now Rg6 would win.} Rf6 32. Qf1 b5 33. Rg6 bxc4 34. Kc1 Rf8 35. Rxh6+ Nxh6 36. Qg2 {[%emt 0:00:35] Threatening mate with Rg1.} Kg8 37. Qg6 c6 38. Rg1 {[%emt 0:00:22] Weighted Error Value: White=0.49/Black=0.85} 1-0

[Event "USA Championship 2022"]
[Site "Saint Louis"]
[Date "2022.10.14"]
[Round "9.7"]
[White "Niemann, Hans Moke"]
[Black "So, Wesley"]
[Result "1/2-1/2"]
[ECO "C54"]
[WhiteElo "2699"]
[BlackElo "2774"]
[Annotator "TA"]
[PlyCount "53"]
[EventDate "2022.09.05"]
[EventType "tourn"]
[EventCountry "USA"]
[SourceTitle "playchess.com"]
[Source "ChessBase"]
[SourceQuality "1"]
[TimeControl "40/5400+30:1800+30"]

1. e4 e5 2. Nf3 Nc6 3. Bc4 Bc5 4. c3 Nf6 5. d3 d6 6. O-O O-O 7. Re1 a5 {[%emt 0:00:10] C54: Giuoco Piano: 4 c3 Nf6, main lines with 5 d4 and 5 d3.} 8. h3 h6 9. Nbd2 Be6 10. Bb5 Qb8 11. Nf1 Qa7 12. Re2 {[%emt 0:00:22] 12.d4 is the modern continuation.} a4 13. Ng3 Qa5 14. Bxc6 bxc6 {[%emt 0:00:07] [#]} 15. Qc2 $146 ({Predecessor:} 15. Bd2 Bb6 16. Qc2 Kh7 17. c4 Qa7 18. Bc3 Ng8 19. Rd2 c5 20. Rf1 c6 21. Nh2 {½-½ (41) Duda,J (2750)-Ding,L (2806) Madrid 2022}) 15... Qb5 16. c4 Qb8 17. Bd2 Re8 18. Rb1 Nd7 19. Nh4 d5 20. Nf3 dxc4 21. dxc4 Qb6 22. b4 axb3 $1 23. axb3 Bb4 24. Be3 Bc5 25. Bd2 Bb4 (25... Bd4 $5) 26. Be3 Bc5 27. Bd2 {[%emt 0:01:02] Weighted Error Value: White=0.08 (flawless) /Black=0.08 (flawless)} (27. b4 $11 Bxe3 28. Rxe3) 1/2-1/2

[Event "USA Championship 2022"]
[Site "Saint Louis"]
[Date "2022.10.15"]
[Round "10.1"]
[White "Liang, Awonder"]
[Black "Dominguez Perez, Leinier"]
[Result "1/2-1/2"]
[ECO "B51"]
[WhiteElo "2608"]
[BlackElo "2747"]
[Annotator "TA"]
[PlyCount "90"]
[EventDate "2022.09.05"]
[EventType "tourn"]
[EventCountry "USA"]
[SourceTitle "playchess.com"]
[Source "ChessBase"]
[SourceQuality "1"]
[TimeControl "40/5400+30:1800+30"]

1. e4 c5 2. Nf3 d6 3. Bb5+ Nd7 4. O-O a6 5. Bd3 Ngf6 6. Re1 {[%emt 0:00:07] B51: Sicilian: Moscow Variation (3 Bb5+) without 3...Bd7.} e6 {[%emt 0:00:07] The position is equal.} 7. c3 b5 8. a4 Bb7 9. Bc2 c4 10. d4 cxd3 11. Qxd3 Nc5 12. Qe2 bxa4 13. Be3 {[%emt 0:00:02] [#] Black must now prevent Bxc5.} Nfd7 ({But not} 13... Ncxe4 14. Bxa4+ Nd7 15. Na3 $14) 14. Bd4 e5 15. Bxc5 Nxc5 16. Bxa4+ Nxa4 17. Rxa4 Be7 18. c4 Bc6 19. Ra2 a5 20. Nc3 Qb8 21. Nd5 Bd8 {[%emt 0:01:09] [#]} 22. c5 $146 ({Predecessor:} 22. Qd3 O-O 23. b3 g6 24. h4 Ra7 25. h5 Rb7 26. Nd2 Kh8 27. Rd1 gxh5 28. Ne3 {½-½ (64) Pospisil,L (2502)-Acevedo Villalba,A (2524) ICCF email 2018}) 22... O-O 23. Qc2 Re8 24. Nd2 a4 25. Rea1 Ra7 26. h3 h6 27. Nc3 dxc5 28. Nxa4 Be7 29. Nxc5 Rxa2 30. Rxa2 Rc8 31. Ra5 Qb4 32. Qc3 Qxc3 33. bxc3 Be8 {[%emt 0:00:19] This bishop pair is nice.} 34. Na4 Bg5 35. Nf3 Bxa4 36. Rxa4 Rxc3 37. Nxg5 ({Avoid the trap} 37. Nxe5 $2 Rc1+ 38. Kh2 Bf4+ 39. g3 Bxe5 $19) 37... hxg5 $11 {[%emt 0:00:07][%mdl 4096] Endgame KR-KR} 38. Rb4 f6 39. Rb7 Kh7 40. f3 Rc2 41. Ra7 Rb2 42. Rd7 Rc2 43. Ra7 Rb2 44. Rd7 Rc2 45. Ra7 Rb2 {[%emt 0:00:53] An interesting draw.  Weighted Error Value: White=0.02 (flawless) /Black=0.01 (flawless)} 1/2-1/2

[Event "USA Championship 2022"]
[Site "Saint Louis"]
[Date "2022.10.15"]
[Round "10.2"]
[White "Aronian, Levon"]
[Black "So, Wesley"]
[Result "1/2-1/2"]
[ECO "A28"]
[WhiteElo "2755"]
[BlackElo "2774"]
[Annotator "TA"]
[PlyCount "35"]
[EventDate "2022.09.05"]
[EventType "tourn"]
[EventCountry "USA"]
[SourceTitle "playchess.com"]
[Source "ChessBase"]
[SourceQuality "1"]
[TimeControl "40/5400+30:1800+30"]

1. c4 e5 2. Nc3 Nf6 3. Nf3 Nc6 4. e4 Bb4 5. d3 d6 6. Be2 {[%emt 0:00:04] A28: English Opening: Four Knights Variation.} Bg4 7. O-O Bxf3 8. Bxf3 Bc5 9. Kh1 {[%emt 0:01:32] [#]} a5 $146 ({Predecessor:} 9... Nd4 10. Bg4 Nxg4 11. Qxg4 O-O 12. Bh6 Qf6 {½-½ (12) Kraus,T (2455)-Jurcik,M (2426) Pardubice 2020}) 10. Qe1 Nd4 11. Bd1 {[%emt 0:00:16] Prevents Nc2.} Ne6 12. g3 h5 13. h4 c6 14. Kg2 Bd4 15. Ne2 Bc5 16. Nc3 Bd4 17. Ne2 Bc5 18. Nc3 {[%emt 0:01:21] A rather calm draw.  Weighted Error Value: White=0.05 (flawless) /Black=0.08 (flawless)} 1/2-1/2

[Event "USA Championship 2022"]
[Site "Saint Louis"]
[Date "2022.10.15"]
[Round "10.3"]
[White "Sevian, Samuel"]
[Black "Robson, Ray"]
[Result "1/2-1/2"]
[ECO "D38"]
[WhiteElo "2684"]
[BlackElo "2690"]
[Annotator "TA"]
[PlyCount "73"]
[EventDate "2022.09.05"]
[EventType "tourn"]
[EventCountry "USA"]
[SourceTitle "playchess.com"]
[Source "ChessBase"]
[SourceQuality "1"]
[TimeControl "40/5400+30:1800+30"]

1. d4 Nf6 2. c4 e6 3. Nf3 d5 4. Nc3 Bb4 5. Qa4+ Nc6 6. e3 O-O 7. Bd2 dxc4 {[%emt 0:01:01] D38: Queen's Gambit Declined: Ragozin Defence (4 Nf3 Bb4).} 8. Bxc4 Bd6 9. Nb5 Bd7 10. Nxd6 cxd6 11. Qa3 Ne4 12. Bd3 Nxd2 13. Nxd2 d5 {[%emt 0:00:30] [#]} 14. O-O $146 ({Predecessor:} 14. Rc1 Qb6 15. O-O Rfc8 16. Nb3 Nb4 17. Bb1 g6 18. g3 Kg7 19. Rfd1 Na6 20. Kg2 {½-½ (39) De Oliveira,D (2113)-Leenders,C (1996) IECC email 2011}) 14... Qa5 15. Qxa5 Nxa5 16. Rfc1 Rfc8 {[%emt 0:02:32] Prevents Rc7.} 17. f3 a6 18. Nb3 Nxb3 19. axb3 Rxc1+ 20. Rxc1 Rc8 21. Rxc8+ Bxc8 $11 {[%emt 0:00:03][%mdl 4096] Endgame KB-KB} 22. b4 b6 23. e4 f6 24. e5 f5 25. h4 g6 26. g4 Kg7 27. Kf2 fxg4 28. fxg4 h6 29. g5 h5 (29... hxg5 $11 {might be stronger.} 30. hxg5 b5) 30. Ke3 (30. b5 $1 $14 a5 31. Kf3) 30... b5 (30... Bd7 $1 $11 {keeps the balance.}) 31. Bxb5 $2 {[%emt 0:00:43][%mdl 8192] [#] White is more active.} axb5 $16 {[%emt 0:00:14] KB-KP} 32. b3 Kf7 33. Kd2 Ke7 34. Ke3 Kf7 35. Kd2 $1 Ke7 36. Ke3 Kf7 37. Kd2 $1 {[%emt 0:00:19][%mdl 32768] Weighted Error Value: White=0.25 (precise) /Black=0.34. An unexpected result.} 1/2-1/2

[Event "USA Championship 2022"]
[Site "Saint Louis"]
[Date "2022.10.15"]
[Round "10.4"]
[White "Moradiabadi, Elshan"]
[Black "Niemann, Hans Moke"]
[Result "0-1"]
[ECO "E61"]
[WhiteElo "2534"]
[BlackElo "2699"]
[Annotator "TA"]
[PlyCount "76"]
[EventDate "2022.09.05"]
[EventType "tourn"]
[EventCountry "USA"]
[SourceTitle "playchess.com"]
[Source "ChessBase"]
[SourceQuality "1"]
[TimeControl "40/5400+30:1800+30"]

1. d4 Nf6 2. Nf3 g6 3. c4 Bg7 4. Nc3 O-O 5. Bg5 c5 6. d5 d6 7. e3 Nbd7 {[%emt 0:05:12][%cal Bb8d7,Bd7f6,Bf6g4][%mdl 32] E61: King's Indian: Early deviations for White, including Smyslov System.} 8. Be2 h6 9. Bh4 g5 {[%emt 0:00:12] The position is equal.} 10. Bg3 Nh5 11. Qc2 {[%emt 0:00:22][%cal Of3g5] Strongly threatening Nxg5!} Ndf6 12. Nd2 a6 13. a4 Bd7 {[%emt 0:01:27] [#]} 14. a5 $146 ({Predecessor:} 14. O-O Ng4 15. Nde4 Bf5 16. Nf6+ Ngxf6 17. Qxf5 Qc8 18. Qd3 Nxg3 19. hxg3 Ng4 20. Qe4 {1-0 (51) Agrest,E (2591)-Bologan,V (2663) Istanbul 2003}) 14... Rb8 15. O-O Nxg3 16. hxg3 Ng4 17. Qd1 f5 18. e4 Ne5 19. exf5 Bxf5 20. Nf3 Qe8 21. Nxe5 Bxe5 22. Bh5 {[%emt 0:03:11] Against Qg6} Bg6 23. Bxg6 Qxg6 24. Qe2 Rf7 25. Ne4 {[%emt 0:06:59][%cal Oe4c5] And now Nxc5! would win.} Bd4 26. Ra3 g4 $1 27. Rd3 (27. Rb3 $11) 27... Rf5 (27... b6 $17 28. axb6 Rxb6) 28. Qd2 $11 Rbf8 29. b4 $1 Re5 30. bxc5 dxc5 31. Rxd4 cxd4 32. Nc5 {[%emt 0:00:05] Black must now prevent Nd7.} Ref5 (32... Qf5 $1 $11) 33. Qxd4 $16 h5 {[%emt 0:00:06][%cal Oh5h4] [#]} 34. Ne6 ({Weaker is} 34. Nxb7 h4 35. Qe3 (35. gxh4 $2 g3 $19) 35... Qh5 $15) ({Better is} 34. Qe4 $1 $16) 34... R8f6 (34... R8f7 $11) 35. Nf4 (35. Qb6 $16) 35... Qh7 $1 $14 36. Qa7 h4 37. Qxb7 (37. Re1 $11) 37... hxg3 $15 {[%emt 0:00:42] [#] ( -> ...Qh2#). The board is on fire.} 38. fxg3 $4 (38. Qc8+ $1 $15 Kf7 39. fxg3) 38... e5 $1 {[%emt 0:00:27][%csl LRb7,LRf4][%mdl 64] Discovered Attack.  Weighted Error Value: White=0.32/Black=0.12 (very precise)} 0-1

[Event "USA Championship 2022"]
[Site "Saint Louis"]
[Date "2022.10.15"]
[Round "10.5"]
[White "Yoo, Christopher Woojin"]
[Black "Caruana, Fabiano"]
[Result "1/2-1/2"]
[ECO "A34"]
[WhiteElo "2563"]
[BlackElo "2763"]
[Annotator "TA"]
[PlyCount "135"]
[EventDate "2022.09.05"]
[EventType "tourn"]
[EventCountry "USA"]
[SourceTitle "playchess.com"]
[Source "ChessBase"]
[SourceQuality "1"]
[TimeControl "40/5400+30:1800+30"]

1. Nf3 c5 2. c4 Nf6 3. Nc3 Nc6 4. g3 d5 5. d4 cxd4 6. Nxd4 dxc4 7. Nxc6 Qxd1+ 8. Nxd1 bxc6 9. Bg2 Nd5 10. Ne3 e6 11. Nxc4 Ba6 12. b3 Bb4+ 13. Bd2 Ke7 {[%emt 0:00:39] A34: Symmetrical English: 2 Nc3, lines with ...d5.} 14. Rc1 Rac8 15. Bxb4+ Nxb4 {[%emt 0:00:04] White is slightly better.} 16. a3 Nd5 17. Na5 c5 18. O-O Rhd8 (18... Bxe2 $2 19. Rfe1 $18) 19. Rc2 Rd7 20. Rfc1 Rdc7 21. e4 Nb6 22. Bf1 Bxf1 23. Kxf1 {[%emt 0:00:05] [#]} g5 $146 ({Predecessor:} 23... f5 24. Nc4 fxe4 25. Nd2 a5 26. Ke2 a4 27. b4 e3 28. fxe3 c4 29. h4 h5 {½-½ (36) Herbst,R-Bremecker,J freechess.de 2014}) 24. Ke2 h5 25. h3 f5 26. Ke3 Kf6 27. f4 gxf4+ 28. Kxf4 fxe4 29. Kxe4 Ke7 30. g4 hxg4 31. hxg4 Kf6 32. g5+ Kg6 33. Rf1 (33. Nc4 $5 ) 33... Rd7 {[%emt 0:03:31] The position is equal.} 34. Rf6+ Kxg5 35. Rxe6 {[%emt 0:00:03] Nc6 is the strong threat.} Rd4+ 36. Kf3 c4 37. Nxc4 Nxc4 38. bxc4 Rcxc4 39. Rxc4 Rxc4 $11 {[%emt 0:00:03][%mdl 4096] Endgame KR-KR} 40. Ra6 Kf5 41. Ke3 Ke5 42. Rxa7 Kd6 43. Kd3 Rh4 44. Ra5 Kc6 45. Kc3 Kb6 46. Rg5 Kb7 47. Kb3 Rf4 48. Rb5+ Ka6 49. Rb4 Rf5 50. Ra4+ Kb6 51. Rc4 Ka6 52. Rc3 Kb6 53. a4 Rf4 54. Rh3 Rg4 55. Rh6+ Ka5 56. Rh5+ Kb6 57. Rb5+ Ka6 58. Rb4 Rg3+ 59. Kb2 Rg2+ 60. Ka3 Rg3+ 61. Rb3 Rxb3+ 62. Kxb3 {[%emt 0:00:04] KP-K} Ka7 63. a5 Ka8 64. Kb4 Ka7 65. Kb5 Ka8 66. Kb6 Kb8 67. a6 Ka8 68. a7 {[%emt 0:00:03] Weighted Error Value: White=0.03 (flawless) /Black=0.01 (flawless)} 1/2-1/2

[Event "USA Championship 2022"]
[Site "Saint Louis"]
[Date "2022.10.15"]
[Round "10.6"]
[White "Lenderman, Aleksandr"]
[Black "Swiercz, Dariusz"]
[Result "1/2-1/2"]
[ECO "D14"]
[WhiteElo "2535"]
[BlackElo "2652"]
[Annotator "TA"]
[PlyCount "98"]
[EventDate "2022.09.05"]
[EventType "tourn"]
[EventCountry "USA"]
[SourceTitle "playchess.com"]
[Source "ChessBase"]
[SourceQuality "1"]
[TimeControl "40/5400+30:1800+30"]

1. d4 Nf6 2. c4 c6 3. Nc3 d5 4. cxd5 cxd5 5. Bf4 Nc6 6. e3 Bf5 7. Nf3 e6 8. Be2 (8. Qb3 $5 Bb4 9. Nh4 $11) 8... Nd7 {[%emt 0:04:09] D14: Slav Defence: Exchange variation with ...Bf5.} 9. O-O Be7 10. Nb5 {[%emt 0:02:30] Black must now prevent Nc7+.} O-O {[%emt 0:03:28] White is slightly better.} 11. Bc7 Qc8 {[%emt 0:01:52] [#] And now ...a6 would win.} 12. Bg3 {[%emt 0:00:07] [#]} Qd8 $146 ({Predecessor:} 12... Rd8 13. Rc1 a6 14. Nd6 Bxd6 15. Bxd6 Nf6 16. Be5 h6 17. Bxf6 gxf6 18. Nd2 Rd7 {0-1 (40) Thuerauf,P (1863)-Rosin,R (1961) Germany 2005}) 13. Qb3 Nb6 14. Rfc1 Rc8 {[%emt 0:04:22] Prevents Bc7.} 15. Ne5 {[%emt 0:03:34] [#] Strongly threatening Nxc6.} Na5 16. Rxc8 Qxc8 17. Qd1 {[%emt 0:00:25] Threatens to win with Rc1.} a6 18. Rc1 Qd8 19. Nc3 Bd6 20. Qe1 Bxe5 21. dxe5 Nc6 22. Bf1 Bg6 23. e4 dxe4 24. Nxe4 Qd4 25. Nc3 Qb4 26. b3 Rd8 27. h3 h6 28. f3 Nd7 29. Rd1 Nc5 30. Rxd8+ Nxd8 31. Bf2 Nc6 32. Qe3 {[%emt 0:09:39] Inhibits Bd3.} Nd3 33. Bxd3 Qxc3 34. Bxg6 {[%emt 0:00:09] A strong pair of Bishops.} Qa1+ 35. Qe1 Qxe1+ 36. Bxe1 fxg6 $11 {[%emt 0:00:04][%mdl 4096] Endgame KB-KN} 37. f4 Kf7 38. Bc3 b5 39. Kf2 h5 40. Ke3 Ke8 41. Ke4 Ke7 42. g4 (42. Bd4 $14 {is more appropriate.}) 42... hxg4 43. hxg4 Kf7 44. Bd2 Ke7 (44... Ke8 $1 $11) 45. Be1 (45. Be3 $14) 45... Kd7 46. Bc3 Ke7 (46... Ne7 $11) 47. Be1 (47. Bd4 $14) 47... Kd7 48. Bc3 (48. Bh4 $11 {is superior.}) 48... Ke7 $14 49. Be1 (49. Bd4 $5) 49... Kd7 {[%emt 0:00:08] Weighted Error Value: White=0.10 (very precise) /Black=0.08 (flawless)} 1/2-1/2

[Event "USA Championship 2022"]
[Site "Saint Louis"]
[Date "2022.10.15"]
[Round "10.7"]
[White "Xiong, Jeffery"]
[Black "Shankland, Sam"]
[Result "1/2-1/2"]
[ECO "A13"]
[WhiteElo "2690"]
[BlackElo "2712"]
[Annotator "TA"]
[PlyCount "152"]
[EventDate "2022.09.05"]
[EventType "tourn"]
[EventCountry "USA"]
[SourceTitle "playchess.com"]
[Source "ChessBase"]
[SourceQuality "1"]
[TimeControl "40/5400+30:1800+30"]

1. d4 d5 2. c4 e6 3. Nf3 Nf6 4. e3 Be7 5. b3 O-O 6. Bb2 b6 7. cxd5 {[%emt 0:02:47] A13: English Opening: 1...e6.} Nxd5 8. Nbd2 Bb7 9. a3 Nd7 {[%emt 0:03:42] [#]} 10. Be2 $146 ({Predecessor:} 10. Bd3 c5 11. O-O cxd4 12. Nxd4 Nc5 13. Bc2 Bf6 14. b4 Nd7 15. Ne4 Be5 16. Qd3 g6 17. f4 Bg7 18. Nd6 Qb8 19. Nxb7 Qxb7 20. Ba4 {0-1 (32) Babayeva,N (2071)-Garayev,S (2126) Nakhchivan 2022}) 10... c5 11. dxc5 Nxc5 12. b4 Nd7 13. O-O a5 14. b5 Bf6 15. Nd4 Nc5 (15... Rc8 $5 ) 16. Nc4 Rc8 17. Rc1 Qc7 18. Qc2 Rfd8 19. Rfd1 Ne7 20. Bf3 {[%emt 0:14:03] Against Be4} Bd5 21. Bxd5 exd5 22. Nd2 Qd7 23. N2f3 Re8 24. a4 Rc7 25. Ba3 Rec8 26. Ne2 g6 27. h3 Bg7 28. Qa2 h6 29. Rc2 Bf8 30. Bb2 Ne4 31. Rxc7 Rxc7 32. Be5 Rc8 33. Nf4 Nc3 34. Bxc3 Rxc3 35. Nxd5 (35. Qd2 $14 {feels stronger.} Rc5 36. Rc1 Rxc1+ 37. Qxc1) 35... Nxd5 $11 36. Qxd5 Qxd5 37. Rxd5 $14 {[%emt 0:00:02][%mdl 4096] Endgame KRB-KRN} Ra3 38. Rd4 Bc5 39. Rc4 Bb4 (39... Ra1+ $11 40. Kh2 Ra2) 40. Rc6 Bc5 41. Ne5 $1 ({Much worse is} 41. Rc8+ Kg7 42. Ne5 Ra1+ 43. Kh2 Bd6 $15) 41... Rxa4 42. Nd7 Rb4 43. Nxc5 {[%emt 0:00:13] White is more active.} bxc5 44. Rxc5 {[%emt 0:00:08] KR-KR} h5 45. g3 Kg7 46. b6 Rxb6 47. Rxa5 Rb2 48. Ra6 Rc2 49. Kg2 Rb2 50. Kf3 Rc2 51. Rd6 Rb2 52. g4 hxg4+ 53. hxg4 Ra2 54. Kg3 Ra3 55. Kf4 Ra5 56. Ke4 Ra4+ 57. Rd4 $1 Ra5 58. f4 Ra1 59. Ke5 Re1 60. e4 Rg1 61. f5 ({White should try} 61. g5 $16) 61... gxf5 $1 62. gxf5 Ra1 63. Rc4 Ra5+ 64. Kf4 f6 65. Rc7+ Kf8 66. Ke3 Ra4 67. Kd3 Rb4 68. Rc4 Rb7 69. Kd4 Re7 70. Kd5 Re5+ {[%emt 0:00:07] The position is equal.} 71. Kd6 Kf7 72. Rc7+ Kf8 73. Rc8+ Kf7 74. Rc7+ Kf8 75. Rc8+ Kf7 76. Rc7+ Kf8 {[%emt 0:00:13] Weighted Error Value: White=0.09 (flawless) /Black=0.10 (very precise)} 1/2-1/2